 Dungeon Crawl Stone Soup version 0.30-a0-782-ge64f9170bb (console) character file.

Game seed: 6194452692605157931

117 utis the Covered (level 5, -1/43 HPs)
             Began as a Tengu Wanderer on Feb 26, 2023.
             Succumbed to a scorpion's poison
             ... on level 3 of the Dungeon.
             The game lasted 00:07:06 (2460 turns).

utis the Covered (Tengu Wanderer)                   Turns: 2460, Time: 00:07:07

Health: -1/43      AC: 22    Str: 14    XL:     5   Next: 1%
Magic:  9/9        EV:  2    Int: 15    God:
Gold:   179        SH:  0    Dex: 11    Spells: 7/8 levels left

rFire   . . .      SeeInvis .    a - +0 trident
rCold   . . .      Faith    .    (no shield)
rNeg    . . .      Spirit   .    (body armour currently unavailable)
rPois   +          Reflect  .    (helmet currently unavailable)
rElec   .          Harm     .    (cloak currently unavailable)
rCorr   .          Rampage  .    (gloves currently unavailable)
Will    .....      NoTele   +    (boots unavailable)
Stlth   +                        (no amulet)
HPRegen 0.27/turn                (no ring)
MPRegen 0.11/turn                (no ring)

@: lethally poisoned (-1 -> -5), tree-form
A: stationary, stasis, torment immunity, boosted hp, (beak), (talons 3), nimble
flight
a: no special abilities


You were on level 3 of the Dungeon.
You were a tree.
You visited 1 branch of the dungeon, and saw 3 of its levels.

You collected 179 gold pieces.

Inventory:

Hand Weapons
 a - a +0 trident (weapon)
 b - the +5 sling of the Jumping Gods {heavy, rPois Str+7}
   (You found it on level 2 of the Dungeon)

   Str:       It affects your strength (+7).
   rPois:     It protects you from poison.
 m - a +0 club
Missiles
 d - 28 stones
 q - 4 boomerangs
Armour
 c - a +0 chain mail (melded)
Magical Staves
 p - a staff of poison {!a}
Scrolls
 e - a scroll of torment {unknown}
 h - a scroll of vulnerability {unknown}
 i - a scroll of immolation
 j - a scroll of noise {unknown}
 l - a scroll of magic mapping {unknown}
 n - 2 scrolls of fog
Potions
 o - a potion of attraction


   Skills:
 - Level 1.0 Fighting
 + Level 4.7 Armour
 - Level 2.1 Dodging
 - Level 2.0 Spellcasting
 - Level 2.0 Transmutations
 + Level 2.8 Poison Magic


You had 7 spell levels left.
You knew the following spells:

 Your Spells              Type           Power      Damage    Failure   Level
z - Sting                 Tmut/Pois      32%        1d4       9%          1

Your spell library contained the following spells:

 Spells                   Type           Power      Damage    Failure   Level
 Ignite Poison            Fire/Tmut/Pois 6%         N/A       34%         3
 Inner Flame              Hex/Fire       1%         N/A       54%         3
 Flame Wave               Conj/Fire      1%         2d4       91%         4
 Sticky Flame             Conj/Fire      1%         2d3       91%         4


Dungeon Overview and Level Annotations

Branches:
Dungeon (3/15)

Altars:


Innate Abilities, Weirdness & Mutations

You are a tree.
Your roots penetrate the ground, keeping you stationary.
You cannot be teleported.
You are immune to unholy pain and torment.
Your maximum health is greatly increased.
Your equipment is partially melded.
((You have a beak for a mouth.))
((You have claws for feet.))
Your magical nature lets you fly swiftly and evasively.


Message History

Unknown command.
a - a +0 trident (weapon)
The scorpion closely misses you.
You barely miss the scorpion. Your kick misses the scorpion.
The scorpion is moderately wounded.
The scorpion stings you but does no damage.
You closely miss the scorpion. You claw the scorpion.
You peck the scorpion, but do no damage.
The scorpion is moderately wounded.
The scorpion stings you.
* * * LOW HITPOINT WARNING * * *
The scorpion stings you.
* * * LOW HITPOINT WARNING * * *
You are lethally poisoned!
The scorpion poisons you!
You are too injured to fight recklessly!
Unknown command.
It was a potion of lignification.
You turn into a tree.
Your +0 chain mail melds into your body.
Your roots penetrate the ground.
* * * LOW HITPOINT WARNING * * *
You feel very sick.
The scorpion stings you but does no damage.
You hit the scorpion but do no damage. Your punch misses the scorpion.
The scorpion is moderately wounded.
* * * LOW HITPOINT WARNING * * *
You feel very sick.
The scorpion stings you but does no damage.
You hit the scorpion.
The scorpion is severely wounded.
* * * LOW HITPOINT WARNING * * *
You feel sick.
The scorpion stings you but does no damage. x2
You closely miss the scorpion.
The scorpion is severely wounded.
* * * LOW HITPOINT WARNING * * *
You feel sick. The scorpion barely misses you.
You barely miss the scorpion.
The scorpion is severely wounded.
You die...

......░░.......░...............░░
░................................
░......................o.[...➘...
░.....░░....░░.░░.░░░░...░░░░░...
░░░░░.░░....░░.░░.░░░░....... ...
░ ░.░░.......░░..........░░ ░.░
░░ ░>░░....░░.░░.░░.░...░.░ .░ .░
░.░░.......░░s░░.░...░.░ .░
.░░░░...........♣.░░ ....... .
.░░^......░.░░░░░.░ .░░..+░░░ ░
░░░.░░░░░.░.░ ░... ░░░h░░......░
.....[ .......░░.░░░ ░....░░
░░░h░░░░░.░ ░░.░... ░.......░
...░░. ░░░░░░░░░ .. ░


You could see a scorpion.

Vanquished Creatures
  A hound (D:3)
  Ijyb (D:2)
  An adder (D:3)
  2 worms (D:2)
  2 dart slugs
  An orc (D:3)
  3 ball pythons
  6 endoplasms
  A giant cockroach (D:1)
  4 goblins
  4 hobgoblins
  3 jackals
  2 kobolds
  A quokka (D:1)
  5 bats
  A frilled lizard (D:2)
  3 rats
41 creatures vanquished.

Vanquished Creatures (others)
  A plant (D:1)
1 creature vanquished.

Grand Total: 42 creatures vanquished

Notes
Turn   | Place    | Note
-------+----------+-------------------------------------------
     0 | D:1      | utis the Tengu Wanderer began the quest for the Orb.
     0 | D:1      | utis set off with the following items: a +0 club, 2 scrolls
                  | of fog, a +0 chain mail; and the following spell memorised:
                  | Sting; and the following spells available to memorise:
                  | Ignite Poison.
     0 | D:1      | Reached XP level 1. HP: 12/12 MP: 4/4
   136 | D:1      | Reached XP level 2. HP: 16/16 MP: 6/6
   427 | D:1      | Found a faded altar of an unknown god.
   587 | D:1      | Reached skill level 1 in Poison Magic
  1330 | D:2      | Reached XP level 3. HP: 14/20 MP: 7/7
  1360 | D:2      | Identified the +5 sling of the Jumping Gods {heavy, rPois
                  | Str+7}
  1503 | D:2      | Reached skill level 4 in Armour
  2079 | D:3      | Noticed Ijyb
  2159 | D:2      | Killed Ijyb
  2160 | D:2      | Reached XP level 4. HP: 20/25 MP: 8/8
  2439 | D:3      | Noticed a scorpion
  2452 | D:3      | Gained mutation: Your magical nature lets you fly swiftly
                  | and evasively. [Tengu growth]
  2452 | D:3      | Reached XP level 5. HP: 15/29 MP: 9/9
  2458 | D:3      | HP: 1/43 [poisoned by a scorpion]
  2460 | D:3      | Succumbed to a scorpion's poison

Illustrated notes

Levels and vault maps discovered:
D:1:      erik_arrival_orb_chamber, layout_basic,
          ebering_ecumenical_altar_sacrificial, chequers_big_river
D:2:      layout_basic
D:3:      layout_loops_cross, lemuel_round_altar, minmay_misc_feat_rugged,
          minivault_11, nicolae_titane, uniq_ijyb, uniq_crazy_yiuf_cottage

Skill      XL: |  1  2  3 |
---------------+----------+-----
Poison Magic   | 1 2 |  2.8
Transmutations | 2 |  2.0
Armour         | 4 |  4.7
Fighting       | |  1.0
Dodging        | |  2.1
Spellcasting   | |  2.0

Action                     |  1- 3 |  4- 6 || total
---------------------------+-------+-------++-------
  Melee: Club              |    61 |       ||    61
         Kick              |    21 |     1 ||    22
         Punch             |     1 |       ||     1
         Peck              |     6 |     1 ||     7
         Sling             |     2 |       ||     2
         Trident           |       |    11 ||    11
   Fire: Sling             |    55 |    23 ||    78
    Use: Scroll            |     5 |       ||     5
         Potion            |     3 |     2 ||     5
 Armour: Chain mail        |   109 |    39 ||   148
         Skin              |       |     4 ||     4
  Dodge: Dodged            |    60 |    43 ||   103

Table legend: (Time is in decaauts)
 A = Elapsed time spent in this place.
 B = Non-inter-level travel time spent in this place.
 C = Inter-level travel time spent in this place.
 D = Time resting spent in this place.
 E = Time spent auto-exploring this place.
 F = Levels seen in this place.
 G = Mean time per level.
                   A        B        C        D        E       F      G
               +--------+--------+--------+--------+--------+-----+--------+
         Total |   2582 |   2454 |    128 |    260 |   1603 |   3 |  860.7 |
       Dungeon |   2582 |   2454 |    128 |    260 |   1603 |   3 |  860.7 |
               +--------+--------+--------+--------+--------+-----+--------+

Top non-repeatable levels by time:
     D:1: 1353 daAuts
     D:2: 823 daAuts
     D:3: 405 daAuts
